[Event "Team 45 45 League T47"]
[Site "Internet Chess Club"]
[Date "2010.11.04"]
[Round "1"]
[White "upsan"]
[Black "Deckfuel"]
[Result "1-0"]
[WhiteElo "1851"]
[BlackElo "2019"]
[Opening "KP: Nimzovich defense"]
[ECO "B00"]
[Time "11:00:50"]
[TimeControl "2700+45"]

1. e4 Nc6 2. d4 d5 3. exd5 Qxd5 4. c3 e5 5. dxe5 Qxd1+ 6. Kxd1 Nxe5 7. Be2 Bc5
8. Bf4 Ng4 9. Nh3 Bb6 10. Bf3 N8f6 11. Re1+ Be6 12. Bxb7 Rd8+ 13. Nd2 O-O 14. f3
Bf2 15. Re2 Bc4 16. Rxf2 Nxf2+ 17. Nxf2 Rb8 18. Nxc4 Rxb7 19. Kc2 Nd5 20. Bd2
Re8 21. Re1 Rxe1 22. Bxe1 Rb8 23. Bd2 Re8 24. Kd1 f5 25. Nd3 h6 26. Nf4 Nf6 27.
Ne3 Re5 28. Nc4 Rc5 29. b3 Kf7 30. Be3 Rb5 31. Bxa7 Nd5 32. Nxd5 Rxd5+ 33. Ke2
Ke6 34. Bd4 g6 35. b4 Rd8 36. a4 Kd5 37. Ne3+ Kc6 38. b5+ Kb7 39. a5 Ka8 40. Kd3
h5 41. Kc4 Rd6 42. Kc5 g5 43. Nd5 Rg6 44. Nxc7+ Kb7 45. b6 f4 46. a6+ Kc8 47. a7
Kd7 48. a8=Q g4 49. Qe8# {Black checkmated} 1-0

[Event "Team 45 45 League T47"]
[Site "Internet Chess Club"]
[Date "2010.11.05"]
[Round "1"]
[White "Goli"]
[Black "backrankbrawler"]
[Result "1-0"]
[WhiteElo "1817"]
[BlackElo "1770"]
[Opening "Sicilian: Alapin's variation (2.c3)"]
[ECO "B22"]
[Time "15:03:25"]
[TimeControl "2700+45"]

1. e4 c5 2. c3 d5 3. exd5 Qxd5 4. d4 cxd4 5. cxd4 Nc6 6. Nf3 Nf6 7. Be2 e6 8.
O-O Be7 9. Nc3 Qa5 10. Bf4 a6 11. a3 O-O 12. b4 Qd8 13. Rc1 Qd7 14. Na4 Qd8 15.
Nc5 Nd5 16. Bg3 Bf6 17. Qd2 g6 18. Rfd1 Bd7 19. Nxb7 Qe7 20. Bd6 {Black resigns}
1-0

[Event "Team 45 45 League T47"]
[Site "Internet Chess Club"]
[Date "2010.11.07"]
[Round "1"]
[White "Buford-Julep"]
[Black "randallsr"]
[Result "0-1"]
[WhiteElo "1619"]
[BlackElo "1752"]
[Opening "French defense"]
[ECO "C01"]
[Time "15:01:07"]
[TimeControl "2700+45"]

1. e4 e6 2. d4 b6 3. c4 Bb7 4. Bd3 h6 5. a3 Be7 6. Nc3 d6 7. Nf3 Nd7 8. O-O c5
9. Be3 cxd4 10. Nxd4 Nc5 11. Bc2 Nf6 12. f3 O-O 13. b4 Ncd7 14. f4 Nb8 15. Qe2
Nc6 16. Rfd1 Nxd4 17. Rxd4 Qb8 18. Rad1 e5 19. R4d2 Ba6 20. fxe5 dxe5 21. Nd5
Nxd5 22. Rxd5 Rd8 23. Rd7 Rxd7 24. Rxd7 Bf6 25. Qd3 Qe8 26. Qd5 Bxc4 27. Qb7 Be6
28. Rd2 Qc8 29. Qxc8+ Rxc8 30. Ba4 Rc3 31. Bf2 Rxa3 32. Bd1 Ra1 33. Kf1 Bb3 34.
Ke2 Bxd1+ 35. Rxd1 Rxd1 36. Kxd1 Kf8 37. Kc2 Ke7 38. Kb3 Kd6 39. Kc4 Kc6 40. b5+
Kd6 41. Be1 Bg5 42. Bb4+ Ke6 43. Bf8 f6 44. Bxg7 Kf7 45. h4 Be3 46. Bh8 Bc5 47.
Kd5 h5 48. Kc6 Bf2 49. Kb7 Bxh4 50. Kxa7 Bf2 51. Kb7 Bc5 52. Kc6 Ke6 53. Bg7 f5
54. exf5+ Kxf5 55. Kd5 e4 56. Bh6 e3 {White resigns} 0-1

[Event "Team 45 45 League T47"]
[Site "Internet Chess Club"]
[Date "2010.11.06"]
[Round "1"]
[White "elessar"]
[Black "oldsj"]
[Result "1/2-1/2"]
[WhiteElo "1704"]
[BlackElo "1674"]
[Opening "Ruy Lopez: exchange, Alekhine variation"]
[ECO "C68"]
[Time "09:00:18"]
[TimeControl "2700+45"]

1. e4 e5 2. Nf3 Nc6 3. Bb5 a6 4. Bxc6 dxc6 5. d4 exd4 6. Qxd4 Qxd4 7. Nxd4 Bd7
8. Be3 O-O-O 9. Nd2 Bd6 10. O-O Ne7 11. Nc4 Ng6 12. Nb3 Be7 13. Rad1 b6 14. h3
c5 15. Ncd2 Bc6 16. f3 Bd6 17. Nb1 Nf4 18. N3d2 Ne2+ 19. Kf2 Ng3 20. Rg1 Nh5 21.
Nc4 Bg3+ 22. Ke2 Bb5 23. Rxd8+ Rxd8 24. b3 Nf4+ 25. Bxf4 Bxf4 26. Rd1 Rxd1 27.
Kxd1 Bxc4 28. bxc4 Be5 29. Kd2 Kd7 30. Kd3 c6 31. Nd2 b5 32. Nb3 Kd6 33. Nc1 b4
34. Nb3 Bf6 35. f4 Be7 36. Nd2 a5 37. Nb3 a4 38. Nd2 Bh4 39. Ke3 Be7 40. g4 g5
41. Nf3 h6 42. e5+ {Game drawn by mutual agreement} 1/2-1/2